 Dungeon Crawl Stone Soup version 0.26.1-11-gd32895ea62 (webtiles) character file.

Game seed: 16744347754332135592

265302 MyelinatedAxon the Stormcaller (level 21, -6/130 HPs)
             Began as a Human Air Elementalist on June 6, 2021.
             Was the Champion of Zin.
             Killed from afar by an eleionoma (49 damage)
             ... with a spray of wooden splinters
             ... on level 3 of the Lair of Beasts.
             The game lasted 02:04:39 (78753 turns).

MyelinatedAxon the Stormcaller (HuAE)              Turns: 78753, Time: 02:04:40

Health: -6/130     AC: 16    Str: 13    XL:     21   Next: 34%
Magic:  20/53      EV: 14    Int: 25    God:    Zin [******]
Gold:   335        SH: 13    Dex: 15    Spells: 12/58 levels left

rFire    + . .     SeeInvis +   x - staff of air
rCold    + . .     Faith    .   K - +3 buckler {rPois}
rNeg     . . .     Spirit   .   C - +1 leather armour {rC+}
rPois    +         Reflect  +   z - +3 crown of Dyrovepreva {rElec Int+2 SInv}
rElec    +         Harm     .   E - +2 cloak {rPois}
rCorr    .         Rampage  .   g - +1 pair of gloves {Str+3}
Will     +....                  j - +2 pair of boots
Stlth    +++.......             k - amulet of reflection
HPRegen  0.31/turn              y - ring of magical power
MPRegen  0.33/turn              w - ring of protection from fire

@: no status effects
A: no striking features
}: 1/15 runes: gossamer
a: Renounce Religion, Recite, Vitalisation, Imprison, Sanctuary, Donate Gold


You were on level 3 of the Lair of Beasts.
You worshipped Zin.
Zin was exalted by your worship.
You visited 7 branches of the dungeon, and saw 33 of its levels.
You also visited: Sewer.

You collected 3633 gold pieces.
You spent 3002 gold pieces at shops.
You donated 296 gold pieces to Zin.

Inventory:

Hand Weapons
 h - a +3 trident of freezing
Armour
 a - a +0 leather armour of willpower
 g - a +1 pair of gloves of strength (worn)
 j - a +2 pair of boots (worn)
 z - the +3 crown of Dyrovepreva (worn) {rElec Int+2 SInv}
   (You bought it in a shop on level 12 of the Dungeon)

   It affects your intelligence (+2).
   It insulates you from electricity.
   It lets you see invisible.
 C - a +1 leather armour of cold resistance (worn)
 E - a +2 cloak of poison resistance (worn)
 K - a +3 buckler of poison resistance (worn)
 L - the +1 leather armour "Voifiuda" {rN+ Stlth+}
   (You bought it in a shop on level 3 of the Vaults)

   It protects you from negative energy.
   It makes you more stealthy.
Magical Staves
 x - an uncursed staff of air (weapon)
Jewellery
 c - an uncursed ring of willpower
 k - an amulet of reflection (around neck)
 p - an uncursed ring of ice
 q - an uncursed ring of resist corrosion
 w - a ring of protection from fire (right hand)
 y - a ring of magical power (left hand)
 I - an uncursed ring of protection from fire
Wands
 f - a wand of digging (1)
 m - a wand of iceblast (1)
 t - a wand of flame (25)
 D - a wand of disintegration (45)
 S - a wand of paralysis (16)
Scrolls
 i - 11 scrolls of teleportation
 n - a scroll of fear
 r - 2 scrolls of enchant weapon
 s - 14 scrolls of remove curse
 u - 3 scrolls of fog
 A - 3 scrolls of summoning
 B - 2 scrolls of magic mapping
 H - 5 scrolls of identify
Potions
 b - 26 potions of curing
 d - a potion of magic
 e - 4 potions of heal wounds
 l - 8 potions of flight
 o - a potion of might
 v - a potion of resistance
 F - 2 potions of haste
 G - 3 potions of ambrosia
 M - a potion of berserk rage
 N - a potion of mutation
 R - a potion of invisibility
Miscellaneous
 J - a lightning rod (4/4)


   Skills:
 + Level 2.6 Fighting
 + Level 3.8 Short Blades
 + Level 1.2 Staves
 + Level 4.4 Armour
 + Level 4.6 Dodging
 + Level 4.5 Stealth
 - Level 4.0 Shields
 * Level 19.1 Spellcasting
 * Level 12.5 Conjurations
 * Level 10.4 Fire Magic
 * Level 19.4 Air Magic
 + Level 10.8 Invocations
 + Level 0.9 Evocations


You had 12 spell levels left.
You knew the following spells:

 Your Spells              Type           Power        Failure   Level
a - Shock                 Conj/Air       100%         0%          1
b - Swiftness             Air            100%         0%          2
c - Static Discharge      Conj/Air       100%         0%          3
d - Airstrike             Air            55%          0%          4
e - Lightning Bolt        Conj/Air       51%          1%          5
f - Sticky Flame          Conj/Fire      69%          1%          4
g - Fireball              Conj/Fire      34%          1%          5
h - Conjure Ball Lightni  Conj/Air       51%          1%          6
i - Tornado               Air            55%          63%         9
j - Orb of Destruction    Conj           36%          12%         7

Your spell library contained the following spells:

 Spells                   Type           Power        Failure   Level
 Magic Dart               Conj           100%         0%          1
 Foxfire                  Conj/Fire      100%         1%          1
 Poisonous Vapours        Pois/Air       100%         1%          2
 Searing Ray              Conj           100%         1%          2
 Conjure Flame            Conj/Fire      69%          1%          3
 Dazzling Flash           Conj/Hex       100%         1%          3
 Inner Flame              Hex/Fire       50%          1%          3
 Mephitic Cloud           Conj/Pois/Air  86%          1%          3
 Stone Arrow              Conj/Erth      100%         1%          3
 Fulminant Prism          Conj/Hex       26%          1%          4
 Hailstorm                Conj/Ice       53%          1%          4
 Iskenderun's Mystic Bla  Conj/Tloc      53%          1%          4
 Summon Lightning Spire   Summ/Air       83%          1%          4
 Silence                  Hex/Air        41%          1%          5
 Animate Skeleton         Necr           46%          2%          1
 Apportation              Tloc           46%          2%          1
 Beastly Appendage        Tmut           46%          2%          1
 Corona                   Hex            25%          2%          1
 Sandblast                Erth           46%          2%          1
 Summon Small Mammal      Summ           92%          2%          1
 Blink                    Tloc           N/A          3%          2
 Call Imp                 Summ           23%          3%          2
 Passwall                 Tmut/Erth      19%          3%          2
 Slow                     Hex            23%          3%          2
 Wereblood                Tmut           23%          3%          2
 Freezing Cloud           Conj/Ice/Air   43%          4%          6
 Call Canine Familiar     Summ           23%          7%          3
 Spider Form              Tmut/Pois      11%          7%          3
 Summon Guardian Golem    Hex/Summ       23%          7%          3
 Ice Form                 Ice/Tmut       23%          24%         4
 Petrify                  Tmut/Erth      23%          24%         4
 Summon Ice Beast         Ice/Summ       23%          24%         4
 Blade Hands              Tmut           11%          54%         5
 Lee's Rapid Deconstruct  Erth           11%          54%         5
 Ozocubu's Refrigeration  Ice            11%          98%         6


Dungeon Overview and Level Annotations

Branches:
Dungeon (15/15)            Temple (1/1) D:4            Lair (6/6) D:11
  Swamp (1/4) Lair:3       Spider (4/4) Lair:3        Slime (0/5) Lair:6
    Orc (2/2) D:12            Elf (0/3) Orc:2        Vaults (4/5) D:13
  Crypt (0/3) Vaults:3     Depths (0/5) D:15          Sewer (visited)

Altars:
Ashenzari
Cheibriados
Dithmenos
Elyvilon
Fedhas
Gozag
Hepliaklqana
Kikubaaqudgha
Makhleb
Nemelex Xobeh
Okawaru
Qazlal
Ru
Sif Muna
Trog
Uskayaw
Vehumet
Wu Jian
Xom
Yredelemnul
Zin
The Shining One

Shops:
D:4 [   D:10 *[}   D:12 [   D:15 =[*[=   Orc:2 :*(}[   Vaults:3 [![?

Portals:
Trove: D:12 (give +5 demon whip)

Annotations:
Lair:5 3 runed translucent doors, promet's ghost, journeyman OgBe
Spider:3 Roxanne


Message History

Casting: Airstrike (safe; 0% risk of failure)
Confirm with . or Enter, or press ? or * to list all spells.
Aiming: Orb of Destruction (dangerous; 12% risk of failure)
Press: ? - help, Shift-Dir - straight line, f - eleionoma
Aim: an eleionoma (thin mist, heavily wounded)
The wavering orb of destruction weakly hits the eleionoma!!
The eleionoma is almost dead.
The eleionoma touches a tree and draws upon its vitality.
The eleionoma is healed.
Casting: Orb of Destruction (dangerous; 12% risk of failure)
Confirm with . or Enter, or press ? or * to list all spells.
Aiming: Airstrike (safe; 0% risk of failure)
Press: ? - help, Dir - move target, f/p - eleionoma
Aim: an eleionoma (thin mist, moderately wounded)
You feel a surge of power!
The air twists around and strikes the eleionoma!!
The eleionoma is heavily wounded.
The eleionoma hurls a spray of splinters at you.
The spray of wooden splinters hits you!!!
You die...

##.............................
##..#.##P##..................##
#...#..###PP.....##..#.P.....##
##.##.........§###P.###......#.
##.##..................#.......
#..##....#....§........#.....##
#..##........≈§≈..............P
#P..#....P.§♣§♣R§.##.#........P
##.###.#.#..§§@§§.##.##........
###..PP..#...♣§§§§..............
#....PP.......♣≈≈...............
###.............................
#..............................
##.............................
##.............................
#...###...#.......##.##.P......
##.P###†..##.....#...#.........


You could see an eleionoma.

Vanquished Creatures
  Sojobo (Vaults:4)
  Arachne (Spider:2)
  Rupert (D:13)
  Jorgrun (D:14)
  2 sphinxes
  A storm dragon (Vaults:2)
  Donald (Lair:3)
  2 tengu reavers
  4 ghost moths
  A frost giant (Vaults:3)
  4 vault wardens
  2 emperor scorpions (Spider:4)
  A juggernaut zombie (D:15)
  A ghost moth (shapeshifter) (D:14)
  An orc warlord (Orc:1)
  2 very ugly things (Vaults:2)
  9 ironheart preservers
  4 stone giants
  Azrael (D:15)
  4 entropy weavers
  4 spark wasps
  2 ettins (Vaults:2)
  An eidolon (Vaults:3)
  4 deep elf death magi
  6 yaktaur captains
  2 fire dragons
  A rakshasa (Vaults:3)
  A great orb of eyes (shapeshifter) (Vaults:3)
  3 vault guards
  6 boulder beetles
  9 hydras
  A death knight (Vaults:2)
  5 death yaks (Lair:5)
  7 ogre magi
  9 centaur warriors
  A merfolk avatar (Lair:6)
  A deep troll earth mage (Vaults:4)
  26 two-headed ogres
  A catoblepas (Lair:2)
  2 tengu warriors
  A deep troll shaman (Vaults:1)
  A queen ant (Spider:3)
  Urug (D:10)
  2 vampire magi
  3 orc high priests (Orc:2)
  A deep elf knight (Vaults:1)
  Sonja (D:10)
  2 skeletal warriors (D:15)
  A fire crab (shapeshifter) (Vaults:2)
  A spriggan druid (Swamp:1)
  2 glowing orange brains
  5 deep elf archers
  16 deep trolls
  2 unseen horrors
  A bog body (Lair:3)
  10 ironbrand convokers
  A phantasmal warrior (Vaults:3)
  4 necromancers
  9 deep elf magi
  4 wizards
  9 orb spiders
  12 orc knights
  2 human zombies (Vaults:3)
  47 ugly things
  5 orc sorcerers
  5 cyclopes
  A manticore (shapeshifter) (D:13)
  29 wolf spiders
  6 manticores
  2 moths of wrath
  A stone giant zombie (Vaults:3)
  Joseph (D:10)
  A stone giant skeleton (Vaults:1)
  4 elephants (Lair:2)
  10 vault sentinels
  A torpor snail (Spider:1)
  8 black mambas
  3 gargoyles
  13 cane toads
  8 demonic crawlers
  5 freezing wraiths
  A yaktaur zombie (Vaults:3)
  35 yaktaurs
  10 rime drakes
  8 komodo dragons
  3 kobold demonologists (D:15)
  19 trolls
  A tengu conjurer (D:14)
  A polar bear (shapeshifter) (Vaults:2)
  30 jumping spiders
  9 polar bears
  A tengu simulacrum (Vaults:1)
  24 blink frogs
  17 hornets
  A meliai zombie (D:15)
  24 slime creatures
  6 dream sheep (Lair:6)
  4 spriggans
  43 redbacks
  A stone giant simulacrum (Vaults:3)
  3 wraiths
  A shadow (D:12)
  A wyvern (shapeshifter) (D:13)
  5 wyverns
  An ettin skeleton (Vaults:2)
  27 tarantellas
  2 fire elementals (D:15)
  A human (shapeshifter) (Vaults:2)
  5 basilisks
  A golden eye (shapeshifter) (Vaults:1)
  61 yaks
  A steam dragon (D:10)
  6 vampire mosquitoes
  7 wargs
  A warg (shapeshifter) (D:13)
  3 acid dragons
  23 soldier ants
  Duvessa (D:5)
  3 hell hounds (D:15)
  26 water moccasins
  38 orc warriors
  An ice beast (shapeshifter) (Vaults:1)
  4 black bears
  An elf zombie (Vaults:2)
  A phantom (D:10)
  5 sky beasts
  5 ice beasts
  An eye of draining (D:12)
  14 wolves
  An ogre (shapeshifter) (Vaults:1)
  25 ogres
  8 boggarts
  28 centaurs
  4 big kobolds
  26 bullfrogs
  Dowan (D:5)
  A water moccasin zombie (D:8)
  An ogre simulacrum (Vaults:1)
  3 human skeletons
  5 scorpions
  27 killer bees
  2 human simulacra
  17 wights
  7 howler monkeys
  3 electric eels (D:9)
  3 bullfrog zombies
  A quasit (D:7)
  5 centaur zombies
  2 hounds
  Crazy Yiuf (D:2)
  6 iguanas
  7 jellies
  16 orc priests
  2 bullfrog skeletons
  Jessica (D:2)
  7 centaur skeletons
  18 orc wizards
  5 hell rats (Lair:6)
  34 worker ants
  A hound zombie (D:10)
  A hound skeleton (D:10)
  A worker ant zombie (D:8)
  9 gnolls
  A howler monkey skeleton (D:9)
  20 adders
  8 river rats
  3 shadow imps
  2 ufetubi
  An adder skeleton (D:7)
  6 worms
  A dart slug (D:2)
  5 leopard geckos
  82 orcs
  4 ball pythons
  14 bats
  4 giant cockroaches
  10 goblins
  6 hobgoblins
  16 jackals
  5 quokkas
  4 frilled lizards
  25 kobolds
  2 leopard gecko skeletons (D:4)
  A quokka zombie (D:5)
  26 rats
1389 creatures vanquished.

Vanquished Creatures (collateral kills)
  3 ball lightnings
3 creatures vanquished.

Vanquished Creatures (others)
  A tengu reaver (Vaults:4)
  A fire giant (Vaults:2)
  A ghost moth (Spider:1)
  An orb spider (Spider:1)
  An elf zombie (D:15)
  A bloated husk (Swamp:1)
  An ettin zombie (D:15)
  A fire dragon zombie (D:15)
  364 ball lightnings
  85 fungi
  A pillar of salt (D:15)
  104 plants
  19 withered plants (D:15)
581 creatures vanquished.

Grand Total: 1973 creatures vanquished

Notes
Turn   | Place    | Note
-------+----------+-------------------------------------------
     0 | D:1      | MyelinatedAxon the Human Air Elementalist began the quest
                  | for the Orb.
     0 | D:1      | Reached XP level 1. HP: 13/13 MP: 3/3
   319 | D:1      | Reached XP level 2. HP: 19/19 MP: 1/5
   322 | D:1      | Learned a level 2 spell: Swiftness
   738 | D:1      | Reached XP level 3. HP: 24/24 MP: 1/6
   795 | D:1      | Learned a level 3 spell: Static Discharge
  1475 | D:2      | Noticed Jessica
  1481 | D:2      | Killed Jessica
  1482 | D:2      | Reached XP level 4. HP: 30/30 MP: 6/8
  1705 | D:2      | You fall into a shaft and drop 1 floor!
  1932 | D:3      | Reached XP level 5. HP: 36/36 MP: 9/9
  2255 | D:3      | Found a glowing drain.
  2259 | Sewer    | Entered a sewer
  2319 | Sewer    | Learned a level 4 spell: Airstrike
  2675 | Sewer    | Reached skill level 1 in Short Blades
  2810 | Sewer    | Reached XP level 6. HP: 42/42 MP: 10/10
  2944 | Sewer    | HP: 1/42 [river rat (4)]
  3095 | Sewer    | Reached skill level 1 in Fighting
  4231 | D:2      | Reached XP level 7. HP: 48/48 MP: 9/12
  4510 | D:2      | Found a runed translucent door.
  4510 | D:2      | Noticed Crazy Yiuf
  4707 | D:2      | Killed Crazy Yiuf
  5441 | D:4      | Found a staircase to the Ecumenical Temple.
  5451 | Temple   | Entered the Ecumenical Temple
  5650 | Temple   | Became a worshipper of Zin the Law-Giver
  5650 | Temple   | Reached * piety under Zin
  5797 | D:4      | Found Saywoirph's Antique Armour Shoppe.
  5830 | D:4      | Bought a faintly humming leather armour for 161 gold pieces
  5840 | D:4      | Identified the cursed +1 leather armour of Wezy {*Contam
                  | +Blink Int+3} (You bought it in a shop on level 4 of the
                  | Dungeon)
  5966 | D:4      | Reached ** piety under Zin
  6043 | D:5      | Entered Level 5 of the Dungeon
  6096 | D:5      | Found a bloodstained altar of Trog.
  6301 | D:5      | Found a white marble altar of Elyvilon.
  6586 | D:5      | Found a sparkling altar of Nemelex Xobeh.
  6746 | D:5      | Gained mutation: You are dopey. (Int -2) [mutagenic glow]
  6773 | D:5      | Gained mutation: Armour fits poorly on your strangely
                  | shaped body. [mutagenic glow]
  6839 | D:5      | Reached skill level 1 in Invocations
  7076 | D:5      | Noticed Dowan
  7077 | D:5      | Noticed Duvessa
  7087 | D:5      | Killed Duvessa
  7088 | D:5      | Reached XP level 8. HP: 24/54 MP: 0/14
  7094 | D:5      | Killed Dowan
  7335 | D:6      | Found a radiant altar of Vehumet.
  7435 | D:6      | Reached skill level 1 in Armour
  7435 | D:6      | Reached skill level 5 in Air Magic
  7718 | D:6      | Learned a level 5 spell: Lightning Bolt
  8534 | D:6      | Found a glowing golden altar of the Shining One.
  8802 | D:7      | Reached XP level 9. HP: 36/61 MP: 10/15
  9614 | D:7      | Reached skill level 5 in Spellcasting
 10605 | D:7      | Reached *** piety under Zin
 10708 | D:7      | Identified a scroll of acquirement
 10708 | D:7      | Acquired an uncursed staff of air
 10942 | D:7      | Reached XP level 10. HP: 52/66 MP: 1/18
 11152 | D:7      | Reached skill level 5 in Conjurations
 11550 | D:8      | Noticed a two-headed ogre
 12052 | D:8      | Killed a two-headed ogre
 12981 | D:4      | Bought a pair of runed gloves for 172 gold pieces
 13564 | D:9      | Reached skill level 5 in Invocations
 13696 | D:9      | Noticed a deep troll
 13700 | D:9      | Killed a deep troll
 13701 | D:9      | Reached XP level 11. HP: 72/72 MP: 13/22
 13918 | D:9      | Reached **** piety under Zin
 14637 | D:10     | Entered Level 10 of the Dungeon
 14637 | D:10     | Found Pierum's General Store.
 14677 | D:10     | Bought a scroll of identify for 32 gold pieces
 14677 | D:10     | Bought a scroll of identify for 32 gold pieces
 14688 | D:10     | Noticed Sonja
 14690 | D:10     | Killed Sonja
 14872 | D:10     | Found Teomeqacato's Antique Armour Boutique.
 14912 | D:10     | Found Sismyeqa's Gadget Emporium.
 15046 | D:10     | Noticed Joseph
 15052 | D:10     | Killed Joseph
 15656 | D:10     | Noticed Urug
 15677 | D:10     | Killed Urug
 15678 | D:10     | Reached skill level 10 in Air Magic
 16008 | D:10     | Reached ***** piety under Zin
 16257 | D:10     | Reached XP level 12. HP: 66/78 MP: 7/25
 16383 | D:11     | Noticed a centaur warrior
 16733 | D:11     | Reached skill level 10 in Spellcasting
 17022 | D:11     | Killed a centaur warrior
 17804 | D:11     | Noticed a seven-headed hydra
 17808 | D:11     | Killed a seven-headed hydra
 18354 | D:11     | Found a staircase to the Lair.
 18712 | Lair:1   | Entered Level 1 of the Lair of Beasts
 18718 | Lair:1   | Learned a level 4 spell: Sticky Flame
 18724 | Lair:1   | Learned a level 5 spell: Fireball
 18801 | Lair:1   | Noticed a four-headed hydra
 18807 | Lair:1   | Killed a four-headed hydra
 18950 | D:10     | Bought a runed buckler for 262 gold pieces
 19189 | Lair:1   | Reached XP level 13. HP: 84/84 MP: 1/27
 19428 | Lair:1   | Noticed a four-headed hydra
 19433 | Lair:1   | Killed a four-headed hydra
 19434 | Lair:1   | Reached skill level 1 in Shields
 19434 | Lair:1   | Reached skill level 1 in Fire Magic
 20466 | Lair:2   | Noticed a five-headed hydra
 20867 | Lair:2   | Killed a five-headed hydra
 21063 | Lair:2   | Noticed a seven-headed hydra
 21068 | Lair:2   | Killed a seven-headed hydra
 21691 | Lair:2   | Noticed a catoblepas
 21709 | Lair:2   | Killed a catoblepas
 22560 | Lair:3   | Found a staircase to the Swamp.
 22642 | Lair:3   | Noticed a six-headed hydra
 22648 | Lair:3   | Killed a six-headed hydra
 23506 | Lair:3   | Found a hole to the Spider Nest.
 24071 | Lair:3   | Learned a level 9 spell: Tornado
 24088 | Lair:4   | Reached XP level 14. HP: 90/90 MP: 23/30
 24624 | Lair:4   | Reached ****** piety under Zin
 25301 | Lair:1   | Learned a level 6 spell: Conjure Ball Lightning
 25793 | Lair:5   | Found a runed translucent gate.
 25793 | Lair:5   | Found a runed translucent gate.
 25793 | Lair:5   | Found a runed translucent gate.
 25806 | Lair:5   | Noticed promet's ghost (journeyman OgBe)
 26602 | Lair:6   | Entered Level 6 of the Lair of Beasts
 27752 | Lair:6   | Paralysed by a hornet for 2 turns
 28779 | Lair:6   | Found a staircase to the Slime Pits.
 28970 | Lair:6   | Reached XP level 15. HP: 95/95 MP: 7/32
 30609 | Lair:1   | Learned a level 9 spell: Tornado
 30648 | D:10     | Bought a runed cloak for 262 gold pieces
 30648 | D:10     | Bought a pair of glowing gloves for 262 gold pieces
 30958 | D:12     | Found a staircase to the Orcish Mines.
 30960 | D:12     | Found Amuf's Armour Boutique.
 31550 | D:12     | Reached skill level 5 in Fire Magic
 31738 | D:12     | Found a portal to a secret trove of treasure.
 32121 | D:12     | Found a blossoming altar of Fedhas.
 33978 | D:12     | Reached skill level 1 in Staves
 34472 | Orc:1    | Entered Level 1 of the Orcish Mines
 35029 | Orc:1    | Noticed an orc warlord
 35283 | Orc:1    | Killed an orc warlord
 35705 | Orc:2    | Entered Level 2 of the Orcish Mines
 36278 | Orc:2    | Noticed a stone giant
 36283 | Orc:2    | Killed a stone giant
 36685 | Orc:2    | Found a staircase to the Elven Halls.
 36955 | Orc:2    | Found Kuod Suroa's Antique Armour Shoppe.
 37138 | D:12     | Bought the +3 crown of Dyrovepreva {rElec Int+2 SInv} for
                  | 414 gold pieces
 37138 | D:12     | Found the +3 crown of Dyrovepreva {rElec Int+2 SInv}
 37654 | Orc:2    | Reached skill level 15 in Air Magic
 37654 | Orc:2    | Reached XP level 16. HP: 91/102 MP: 14/34
 37871 | Orc:2    | Found Budypat's Gadget Emporium.
 37871 | Orc:2    | Found Mysuz's Weapon Emporium.
 37872 | Orc:2    | Found Xucor's General Store.
 37872 | Orc:2    | Found Luni's Book Shop.
 37977 | Orc:2    | Bought a twisted robe for 171 gold pieces
 37977 | Orc:2    | Bought a dyed leather armour for 150 gold pieces
 38056 | Orc:2    | Identified the cursed +1 robe "Naly" {rElec Will+} (You
                  | bought it in a shop on level 2 of the Orcish Mines)
 38167 | D:10     | Bought a glowing robe for 129 gold pieces
 38167 | D:10     | Bought a runed robe for 129 gold pieces
 38263 | D:4      | Bought a runed robe for 85 gold pieces
 39477 | D:13     | Noticed Rupert
 39483 | D:13     | Killed Rupert
 40044 | D:13     | Found a gate to the Vaults.
 41997 | D:14     | Noticed Jorgrun
 42003 | D:14     | HP: 5/102 [Jorgrun/+0 vorpal quarterstaff (3)]
 42367 | D:14     | Killed Jorgrun
 42368 | D:14     | Reached skill level 15 in Spellcasting
 42810 | D:15     | Entered Level 15 of the Dungeon
 42949 | D:15     | Found Xudiadog's Assorted Antiques.
 44086 | D:15     | Found a staircase to the Depths.
 44096 | D:15     | Noticed Azrael
 44101 | D:15     | Killed Azrael
 44246 | D:15     | Reached XP level 17. HP: 107/107 MP: 16/36
 44712 | D:15     | Found Doaduutu's Jewellery Shop.
 44715 | D:15     | Found Vostie's Armour Shop.
 44847 | D:15     | Found Wory's Antique Armour Emporium.
 44853 | D:15     | Bought a warped leather armour for 154 gold pieces
 44992 | D:15     | Found Hyniamas's Jewellery Shop.
 45447 | D:15     | Identified the +2 leather armour "Qoocoma" {rPois rF++ rN+
                  | Dex-5} (You bought it in a shop on level 15 of the Dungeon)
 45597 | Lair:1   | Lost mutation: Armour fits poorly on your strangely shaped
                  | body. [potion of mutation]
 45597 | Lair:1   | Lost mutation: You are dopey. (Int -2) [potion of mutation]
 45737 | D:15     | Bought a cursed amulet of inaccuracy for 30 gold pieces
 45940 | Spider:1 | Entered Level 1 of the Spider Nest
 46021 | Spider:1 | Noticed Donald
 46180 | Lair:3   | Killed Donald
 46388 | Spider:1 | Reached skill level 10 in Conjurations
 47403 | Spider:1 | Reached skill level 10 in Invocations
 49342 | Spider:1 | Zin protects you from harm!
 51171 | Spider:2 | Noticed Arachne
 51176 | Spider:2 | Killed Arachne
 53085 | Spider:3 | HP: 5/107 [spore (8)]
 54317 | Spider:3 | Noticed Roxanne
 54824 | Spider:3 | Got an ancient ring mail
 55301 | Spider:4 | Entered Level 4 of the Spider Nest
 55487 | Spider:4 | Reached XP level 18. HP: 110/114 MP: 28/38
 59452 | Spider:4 | Got a gossamer rune of Zot
 60175 | Vaults:1 | Entered Level 1 of the Vaults
 62902 | Vaults:1 | Reached XP level 19. HP: 62/119 MP: 24/40
 65387 | Vaults:2 | You fall into a shaft and drop 2 floors!
 65574 | Vaults:4 | Zin protects you from harm!
 67246 | Vaults:2 | Identified the +10 great mace "Giantslayer" {vamp, rF+
                  | Str+3 Dex-4 SInv}
 68782 | Vaults:2 | Reached XP level 20. HP: 125/125 MP: 24/42
 68951 | Vaults:2 | Identified the amulet "Wyatis" {Faith rElec Int-3 Dex+3}
 71135 | Vaults:3 | Paralysed by a sphinx for 3 turns
 72556 | Vaults:3 | Found Valodgh's Armour Shop.
 72574 | Vaults:3 | Found Oriy's Distillery.
 72582 | Vaults:3 | Bought a potion of curing for 57 gold pieces
 72582 | Vaults:3 | Bought 2 potions of curing for 114 gold pieces
 73112 | Vaults:3 | Reached skill level 10 in Fire Magic
 73446 | Vaults:2 | Acquired MyelinatedAxon's Grimoire of Frigorific
                  | Conjuration
 73859 | Vaults:3 | Learned a level 7 spell: Orb of Destruction
 73924 | Vaults:3 | Found Koecsim's Magic Scroll Shop.
 73933 | Vaults:3 | Bought a scroll of magic mapping for 38 gold pieces
 73933 | Vaults:3 | Bought a scroll of identify for 22 gold pieces
 73933 | Vaults:3 | Bought a scroll of magic mapping for 38 gold pieces
 73933 | Vaults:3 | Bought a scroll of identify for 22 gold pieces
 74883 | Vaults:3 | Found Zyutoyla's Antique Armour Boutique.
 74891 | Vaults:3 | Bought a bloodstained leather armour for 266 gold pieces
 74891 | Vaults:3 | Identified the +1 leather armour "Voifiuda" {rN+ Stlth+}
                  | (You bought it in a shop on level 3 of the Vaults)
 74966 | Vaults:3 | Found a staircase to the Crypt.
 75080 | Vaults:4 | Noticed Sojobo
 75096 | Vaults:4 | Killed Sojobo
 75481 | Vaults:4 | Reached XP level 21. HP: 89/130 MP: 43/43
 77011 | Vaults:4 | HP: 5/119 [???[an ironheart preserver] (3)]
 77748 | Vaults:4 | Paralysed by a sphinx for 5 turns
 78741 | Swamp:1  | Entered Level 1 of the Swamp
 78753 | Lair:3   | Killed from afar by an eleionoma

Illustrated notes

Levels and vault maps discovered:
D:1:      beargit_arrival_greenhouse, layout_basic
D:2:      layout_rooms, uniq_jessica, uniq_crazy_yiuf_cottage
D:3:      layout_basic, gup_sewer_entry_spiral
D:4:      layout_loops_ring, minmay_temple_entry_statues_pillars, serial_shops,
          shop, minivault_11, minmay_misc_feat_ornament
D:5:      layout_loops_cross, nemelex_xobeh_ov_fountains_minmay,
          grunt_temple_overflow_open, uniq_duvessa
D:6:      layout_loops_cross, vehumet_altar_wand_db, tso_oasis_becter,
          st_stairs_2, lemuel_flamethrower_2
D:7:      layout_gridville, the_bakery
D:8:      layout_cave_pools
D:9:      lemuel_troll_bridge, layout_rooms
D:10:     layout_long_grid, serial_shops, shop, shop, shop, uniq_joseph,
          uniq_sonja, uniq_urug
D:11:     layout_cave_pools, due_lair_maze_entry_diamond, gauntlet_entry_generic
D:12:     minmay_the_grid_octo_tiled_octocenter_mashed
          [minmay_the_grid_octo_fan_narrow, minmay_the_grid_octo_thin_diamonds,
          minmay_the_grid_octo_pinwheel, minmay_the_grid_octo_focus,
          minmay_the_grid_octo_prize_ultimate_mussel_roller,
          minmay_the_grid_square_5x5_minivault, minmay_the_grid_square_5x5_n,
          minmay_the_grid_square_5x5_two_small,
          minmay_the_grid_square_5x5_two_walls_a], layout_stronghold,
          orc_david_3, enter_trove_2, nicolae_two_hexagons,
          fedhas_altar_fruit_tree
D:13:     layout_basic, david_vaults_2, uniq_rupert
D:14:     layout_basic, skrybe_limestone_x, palyth_stone_intersect, uniq_jorgrun
D:15:     gammafunk_depths_entry_grave, layout_stronghold, serial_shops, shop,
          nicolae_shop_overgrown_old_shop, nicolae_shop_stone,
          nicolae_shop_trees, shop, minmay_crystal_water, nicolae_wwwww,
          roderic_lattice_a, uniq_azrael
Temple:   bh_familiar_temple
Lair:1:   layout_roguey, serial_bayou_shore_b
Lair:2:   layout_cave_pods, grunt_megastairs_1, infiniplex_staircase_pool_2,
          lemuel_fruit_tree
Lair:3:   layout_regular_city, skrybe_swamp_entry_bodies,
          nicolae_spider_entry_non_spiders, serial_bayou_shore_b
Lair:4:   layout_regular_city, serial_bayou_lagoon_a
Lair:5:   layout_regular_city, ebering_ghost_rock_garden, st_stairs_3
Lair:6:   gammafunk_lair_ancient_temple, layout_big_grid,
          minmay_slime_entry_pillars
Swamp:1:  layout_basic_swamp, hangedman_swamp_ruin_wall
Spider:1: layout_chambers, nicolae_spider_shape, uniq_donald
Spider:2: layout_chambers, hangedman_spider_tarantella_strand, uniq_arachne
Spider:3: layout_spider_delve, zaba_anthell, uniq_roxanne
Spider:4: grunt_spider_rune_parallel
Orc:1:    layout_diamond_mine
Orc:2:    st_orc_elflike, layout_caves, serial_shops, nicolae_shop_behind_doors
Vaults:1: vaults_mumra_chevron, v_misc_16, hangedman_vaults_nodes,
          ontoclasm_vaults_idyll, v_misc_8, hangedman_vaults_pinch, v_misc_9,
          vaults_mumra_minichess, vaults_room_stairs_pillars,
          ontoclasm_vaults_shuriken, vaults_room_stairs_pillars,
          layout_vaults_omnicross
Vaults:2: v_pattern_4, dpeg_vaults_waves, grunt_vaults_focal,
          grunt_vaults_funnel, nicolae_vaults_network_periphery, v_misc_3,
          hangedman_vaults_river_flow, vaults_room_corners,
          nicolae_vaults_little_squares_3, layout_vaults_ring
Vaults:3: vaults_mumra_lcd, ontoclasm_vaults_misaligned,
          minmay_crypt_entry_simple_statues, nicolae_vaults_asterisk, v_misc_1,
          nicolae_vaults_network_s, hangedman_vaults_impose,
          dpeg_vaults_monster_box, v_rooms_5, v_misc_26, vaults_dpeg_hooks,
          vaults_dpeg_ring, layout_vaults_chaotic_city, serial_shops, shop,
          shop_fountains, shop, nicolae_shop_crystal
Vaults:4: grunt_vaults_bifocal, vaults_room_door_hall, grunt_vaults_twisty,
          grunt_vaults_hallway_short, hangedman_vaults_stretched_pinwheel,
          v_misc_3, grunt_vaults_swirl, hangedman_vaults_capsules,
          nicolae_vaults_mini_display_case, vaults_room_pool,
          layout_vaults_omnigrid, uniq_sojobo

Skill      XL: |  1  2  3  4  5  6  7  8  9 10 11 12 13 14 15 16 17 18 19 20 21 |
---------------+----------------------------------------------------------------+-----
Air Magic      | 4 5 6 8 10 11 13 15 16 17 18 19 | 19.4
Spellcasting   | 3 4 5 7 9 10 12 13 14 15 16 17 18 19 | 19.1
Short Blades   | 1 2 3 |  3.8
Conjurations   | 2 3 4 6 7 8 9 10 11 12 | 12.5
Fighting       | 1 2 |  2.6
Dodging        | 3 4 |  4.6
Stealth        | 3 4 |  4.5
Invocations    | 1 2 4 5 6 7 8 9 10 | 10.8
Armour         | 2 3 4 |  4.4
Shields        | 2 4 |  4.0
Fire Magic     | 2 4 5 6 7 8 9 10 | 10.4
Staves         | 1 |  1.2
Evocations     | |  0.9

Action                   |  1- 3 |  4- 6 |  7- 9 | 10-12 | 13-15 | 16-18 | 19-21 || total
-------------------------+-------+-------+-------+-------+-------+-------+-------++-------
Melee: Unarmed           |     8 |       |       |       |       |       |       ||     8
       Dagger            |    41 |   158 |   203 |       |       |       |       ||   402
       Staff             |       |       |       |     7 |    32 |    33 |    32 ||   104
       Trident           |       |       |       |    10 |       |       |       ||    10
 Cast: Shock             |    41 |    33 |    28 |     6 |    11 |     6 |     1 ||   126
       Static Discharge  |     3 |    15 |    39 |     4 |    32 |     6 |     7 ||   106
       Airstrike         |       |       |    24 |   288 |   565 |   670 |   193 ||  1740
       Lightning Bolt    |       |       |       |    19 |    54 |    82 |   181 ||   336
       Sticky Flame      |       |       |       |       |     1 |     1 |     9 ||    11
       Conjure Ball Ligh |       |       |       |       |    12 |    77 |    51 ||   140
       Fireball          |       |       |       |       |       |     1 |    10 ||    11
       Orb of Destructio |       |       |       |       |       |       |    57 ||    57
Invok: Recite            |       |       |       |       |       |     9 |       ||     9
Evoke: Wand              |       |       |       |     2 |    21 |    40 |     7 ||    70
       Lightning rod     |       |       |       |       |     2 |    11 |       ||    13
  Use: Scroll            |     4 |     6 |    10 |     4 |    16 |    15 |     8 ||    63
       Potion            |       |     1 |     1 |       |       |     8 |     2 ||    12
 Stab: Sleeping          |     2 |     2 |    10 |       |       |     1 |       ||    15
       Paralysed         |       |       |       |       |       |       |     7 ||     7
Armor: Robe              |    22 |    41 |     9 |       |       |       |       ||    72
       Leather armour    |       |       |    30 |    20 |    51 |   149 |    37 ||   287
Dodge: Dodged            |    61 |   130 |   192 |    51 |    91 |   234 |    79 ||   838
Block: Other             |       |       |       |    12 |       |       |       ||    12
       Reflection        |       |       |       |     5 |     5 |    31 |    35 ||    76
       Buckler           |       |       |       |     4 |   113 |   281 |   106 ||   504
